 Dungeon Crawl Stone Soup version 0.25-a0-287-g56a5b49892 (webtiles) character file.

Game seed: 3724975407612067849, levelgen mode: deterministic

159 floatRand the Shield-Bearer (level 5, 0/41 HPs)
             Began as a Formicid Fighter on Dec 12, 2019.
             Slain by an iguana (10 damage)
             ... on level 2 of the Dungeon.
             The game lasted 00:02:10 (1196 turns).

floatRand the Shield-Bearer (Formicid Fighter)      Turns: 1196, Time: 00:02:11

Health: 0/41       AC:  6    Str: 21    XL:     5   Next: 68%
Magic:  5/5        EV:  9    Int:  7    God:
Gold:   32         SH:  9    Dex: 11    Spells: 4/4 levels left

rFire    . . .     SeeInvis +   a - +0 war axe
rCold    . . .     Gourm    .   c - +0 shield
rNeg     . . .     Faith    .   b - +0 scale mail
rPois    +         Spirit   .   (helmet unavailable)
rElec    .         Reflect  .   (no cloak)
rCorr    .         Harm     .   (no gloves)
MR       .....                  (no boots)
Stlth    +.........             (no amulet)
HPRegen  0.13/turn              h - ring of poison resistance
MPRegen  0.09/turn              (no ring)

@: no status effects
A: permanent stasis, dig shafts and tunnels, four strong arms, antennae 3
a: Dig, Shaft Self


You were on level 2 of the Dungeon.
You were not hungry.

You visited 1 branch of the dungeon, and saw 2 of its levels.

You collected 32 gold pieces.

Inventory:

Hand Weapons
 a - a +0 war axe (weapon)
Armour
 b - a +0 scale mail (worn)
 c - a +0 shield (worn)
Jewellery
 h - a ring of poison resistance (left hand)
Scrolls
 e - 2 scrolls of identify {unknown}
 i - a scroll of teleportation {unknown}
 j - 2 scrolls of enchant armour {unknown}
Comestibles
 f - 3 rations


   Skills:
 - Level 3.2 Fighting
 * Level 3.6 Axes
 - Level 3.2 Armour
 + Level 1.7 Dodging
 + Level 2.6 Stealth
 + Level 4.5 Shields


You had 4 spell levels left.
You didn't know any spells.
Your spell library was empty.

Dungeon Overview and Level Annotations

Branches:
Dungeon (2/15)

Altars:


Innate Abilities, Weirdness & Mutations

You cannot be hasted, slowed, berserked, paralysed or teleported.
You can dig through walls and to a lower floor.
Your four strong arms can wield two-handed weapons with a shield.
You have a pair of large antennae on your head. (SInv)


Message History

You hit the iguana.
The iguana is severely wounded.
The iguana bites you but does no damage.
You block the iguana's attack.
You hit the iguana but do no damage.
The iguana is severely wounded.
The iguana barely misses you.
You closely miss the iguana.
The iguana is severely wounded.
You block the iguana's attack.
Unknown command.
You barely miss the iguana.
The iguana is severely wounded.
The iguana bites you! x2
* * * LOW HITPOINT WARNING * * *
You are too injured to fight recklessly!
Your scale mail prevents you from hitting the iguana.
The iguana is severely wounded.
The iguana bites you!
You die...

#.# ... #####.###
.... #####........
.....
#.........#####...<.
#.###.........g.....
#.# #)#.#....(......
#.# #.#...##g####.##
#.# #.....##l# #.#
#.#..###@# #.#
#.#..# #.# #.#
#....# #.# #.#
###++# ### #.#
♣♣♣..♣♣♣
#.##♣......♣
#..#♣....♣.♣#
##.÷...)....+
#.'........+


You could see an iguana and a hobgoblin.

Vanquished Creatures
  A phantom (D:2)
  An adder (D:2)
  3 oozes (D:1)
  2 worms (D:2)
  A dart slug (D:1)
  A ball python (D:2)
  A giant cockroach (D:1)
  9 goblins
  5 hobgoblins
  5 bats
  3 frilled lizards
  6 kobolds
  5 rats
43 creatures vanquished.

Notes
Turn   | Place    | Note
-------+----------+-------------------------------------------
     0 | D:1      | floatRand the Formicid Fighter began the quest for the Orb.
     0 | D:1      | Reached XP level 1. HP: 18/18 MP: 1/1
   109 | D:1      | Reached XP level 2. HP: 22/24 MP: 2/2
   123 | D:1      | Reached skill level 1 in Stealth
   302 | D:1      | Reached XP level 3. HP: 28/29 MP: 3/3
   348 | D:1      | Reached skill level 4 in Shields
   533 | D:1      | Reached skill level 1 in Dodging
   725 | D:2      | Found a faded altar of an unknown god.
   834 | D:2      | Reached XP level 4. HP: 25/35 MP: 4/4
   955 | D:2      | Noticed a phantom
  1005 | D:2      | Killed a phantom
  1005 | D:2      | Reached XP level 5. HP: 24/41 MP: 5/5
  1196 | D:2      | Slain by an iguana

Levels and vault maps discovered:
D:1:      sevenhm_arrival_forest_fort_large_4, layout_basic,
          minmay_fountain_box, minmay_tall_x
D:2:      layout_loops_ring, chequers_ecumenical_altar_simple,
          kennysheep_generic_room_7

Skill      XL: |  1  2  3  4 |
---------------+-------------+-----
Stealth        | 1 2 |  2.6
Shields        | 4 |  4.5
Dodging        | 1 |  1.7
Axes           | 3 |  3.6
Fighting       | |  3.2
Armour         | |  3.2

Action                   |  1- 3 |  4- 6 || total
-------------------------+-------+-------++-------
Melee: War axe           |    74 |    68 ||   142
  Use: Potion            |       |     1 ||     1
  Eat: Chunk             |       |     1 ||     1
Armor: Scale mail        |    45 |    32 ||    77
Dodge: Dodged            |    26 |    24 ||    50
Block: Shield            |    49 |    36 ||    85

Table legend:
 A = Non-vault XP
 B = Vault XP
 C = Vault XP percentage of total XP
 D = Non-vault monster count
 E = Vault monster count
 F = Vault count percentage of total count
                 A         B        C        D         E       F
            +---------+---------+-------+---------+---------+-------
      Total |      86 |     142 |  62.3 |      36 |       7 |  16.3
            +---------+---------+-------+---------+---------+-------
        D:1 |      48 |      11 |  18.6 |      22 |       4 |  15.4
        D:2 |      38 |     131 |  77.5 |      14 |       3 |  17.6
            +---------+---------+-------+---------+---------+-------
